 Dungeon Crawl Stone Soup version 0.32-a0-7-ge934b4519a (webtiles) character file.

Game seed: 9558014382191012460

149 jasper the Slasher (level 5, 0/30 HPs)
             Began as a Vampire Gladiator on Jan 13, 2024.
             Was a Follower of Dithmenos.
             Slain by a wight
             ... wielding a +3 spear
              (6 damage)
             ... in an ossuary.
             The game lasted 00:04:18 (2102 turns).

jasper the Slasher (Vampire Gladiator)              Turns: 2102, Time: 00:04:19

Health: 0/30       AC:  6    Str: 19    XL:     5   Next: 9%
Magic:  5/5        EV: 13    Int: 11    God:    Dithmenos [*.....]
Gold:   123        SH:  0    Dex: 23    Spells: 4/4 levels left

rFire   . . .        a - +0 long sword
rCold   + + .        (no shield)
rNeg    + + +        u - +0 ring mail
rPois   ∞            c - +0 helmet
rElec   .            (no cloak)
rCorr   .            (no gloves)
SInv    +            (no boots)
Will    .....        (no amulet)
Stlth   +++++        q - +6 ring of dexterity
HPRegen 0.00/turn    v - +6 ring of strength
MPRegen 0.09/turn

%: no passive effects
@: bloodless, inhibited regen, wreathed by umbra
A: bloodless, fangs 3, see invisible, vampiric 2
a: Bat Form, Revivify, Renounce Religion


You were in an ossuary.
You worshipped Dithmenos.
Dithmenos was aware of your devotion.
You visited 2 branches of the dungeon, and saw 5 of its levels.
You also visited: Ossuary.

You collected 159 gold pieces.
You spent 36 gold pieces at shops.

Inventory:

Hand Weapons
 a - a +0 long sword (weapon)
 h - a +3 short sword
Missiles
 d - 3 throwing nets (quivered)
 e - a javelin
 s - 6 poisoned darts
Armour
 b - a +0 leather armour
 c - a +0 helmet (worn)
 u - a +0 ring mail (worn)
Jewellery
 f - an amulet of faith
 q - a +6 ring of dexterity (left hand)
 v - a +6 ring of strength (right hand)
 A - a ring of wizardry
Scrolls
 g - a scroll of immolation {unknown}
 i - 2 scrolls of teleportation {unknown}
 k - 6 scrolls of identify {unknown}
 l - a scroll of revelation {unknown}
 n - 2 scrolls of brand weapon {unknown}
 w - 2 scrolls of enchant armour {unknown}
 x - a scroll of vulnerability {unknown}
 y - a scroll of amnesia {unknown}
 z - 2 scrolls of blinking {unknown}
Potions
 j - a potion of mutation {unknown}
 m - 3 potions of heal wounds {unknown}
 o - 3 potions of enlightenment {unknown}
 p - 3 potions of curing
 r - a potion of ambrosia {unknown}
 t - a potion of brilliance {unknown}
 B - a potion of invisibility {unknown}


   Skills:
 - Level 1.7 Fighting
 + Level 5.0 Long Blades
 - Level 1.5 Throwing
 - Level 3.2 Dodging
 - Level 4.3 Stealth


You had 4 spell levels left.
You didn't know any spells.
Your spell library was empty.

Dungeon Overview and Level Annotations

Branches:
Dungeon (4/15)             Temple (1/1) D:4         Ossuary (1/1)

Altars:
Ashenzari
Cheibriados
Dithmenos
Fedhas
Gozag
Kikubaaqudgha
Makhleb
Nemelex Xobeh
Okawaru
Sif Muna
Trog
Uskayaw
Vehumet
Xom
Yredelemnul

Shops:
D:1 !   D:2 [   D:4 =

Annotations:
D:2 Sigmund
D:4 exclusions: ogre and scorpion


Innate Abilities, Weirdness & Mutations

You do not regenerate when monsters are visible.
You are frail without blood (-20% HP).
You can heal yourself when you bite living creatures.
You are immune to poison.
You have razor-sharp teeth.
You have supernaturally acute eyesight. (SInv)
You are afflicted with vampirism and can become a bat while bloodless.


Message History

The adder skeleton bites you. The adder skeleton closely misses you.
You take 2 damage, and have 28/30 hp.
You slash the adder skeleton!
You destroy the adder skeleton!
Dithmenos accepts your kill.
You are shrouded in an aura of darkness!
Unknown command.
There is an open door here.
There is an open door here.
There is an open door here.
There is an open door here.
You open the door.
There is an open door here.
As you open the door, it creaks loudly!
You hear a hideous shriek!
Health restored: 30
There is an open door here.
A wight and a burial acolyte come into view.
The burial acolyte hits you with a +0 dagger.
You take 1 damage, and have 29/30 hp.
The wight hits you from afar with a +3 spear.
You take 2 damage, and have 27/30 hp.
The wight hits you with a +3 spear.
You take 5 damage, and have 22/30 hp.
You barely miss the wight. The burial acolyte barely misses you.
The wight misses you.
You completely miss the wight.
The burial acolyte recites a funeral chant.
You convulse!
The wight barely misses you.
You take 11 damage, and have 11/30 hp.
MASSIVE DAMAGE!!
You hit the wight but do no damage.
The burial acolyte hits you with a +0 dagger.
* * * LOW HITPOINT WARNING * * *
The wight hits you with a +3 spear.
* * * LOW HITPOINT WARNING * * *
You take 4 damage, and have 7/30 hp.
You hit the wight but do no damage.
The burial acolyte hits you with a +0 dagger.
* * * LOW HITPOINT WARNING * * *
The wight hits you with a +3 spear.
You die...

###. ..♣# .... ...# +.
#..' #..# ♣.. ♣..♣ ♣..#
#..###..#♣#.. ### ####
............# #z# #...
#..!!!.z#♣#.#♣#######.♣.
#..!/?.@# #.'.....'.....
#..?!?.p#♣#.#♣#######.8.
............# #z# #...
#..###..#♣#..#### ####
♣. ♣z♣..♣ ♣..# + ###..'
#..# .... ...#
####....♣# #####


You could see a laughing skull, a burial acolyte and a wight.

Vanquished Creatures
  2 iguanas (D:4)
  A mummy (D:4)
  2 adders (D:2)
  3 adder skeletons (Ossuary)
  A ribbon worm (D:3)
  2 dart slugs
  A bat (D:1)
  3 endoplasms
  2 giant cockroaches
  4 goblins
  3 hobgoblins
  9 jackals
  6 ball pythons
  2 ball python skeletons (Ossuary)
  4 frilled lizards
  2 hobgoblin skeletons (Ossuary)
  3 kobolds
  2 kobold skeletons (Ossuary)
  An orc skeleton (Ossuary)
  A rat (D:3)
54 creatures vanquished.

Notes
Turn   | Place    | Note
-------+----------+-------------------------------------------
     0 | D:1      | jasper the Vampire Gladiator began the quest for the Orb.
     0 | D:1      | Reached XP level 1. HP: 16/16 MP: 1/1
    75 | D:1      | Found Nixzeaji's Distillery.
   220 | D:1      | Reached XP level 2. HP: 22/22 MP: 2/2
   422 | D:1      | Bought a potion of curing for 36 gold pieces
   466 | D:2      | Found Kico's Armour Shoppe.
   470 | D:2      | Reached skill level 1 in Stealth
   535 | D:2      | Gained mutation: You are afflicted with vampirism and can
                  | become a bat while bloodless. [Vampire growth]
   535 | D:2      | Reached XP level 3. HP: 27/27 MP: 3/3
   555 | D:2      | Noticed Sigmund
   953 | D:3      | Found a hide-covered altar of Uskayaw.
  1598 | D:4      | Noticed a scorpion
  1653 | D:4      | Found Afiemyci's Jewellery Shop.
  1704 | D:4      | Noticed an ogre
  1723 | D:4      | Found a staircase to the Ecumenical Temple.
  1733 | Temple   | Entered the Ecumenical Temple
  1755 | Temple   | Became a worshipper of Dithmenos the Shadowed
  1828 | D:4      | Reached XP level 4. HP: 33/33 MP: 4/4
  1884 | D:4      | Reached skill level 4 in Long Blades
  1916 | D:4      | Found a sand-covered staircase.
  1927 | Ossuary  | Entered an ossuary
  1979 | Ossuary  | Reached XP level 5. HP: 30/30 MP: 5/5
  2045 | Ossuary  | Reached skill level 5 in Long Blades
  2050 | Ossuary  | Reached * piety under Dithmenos
  2084 | Ossuary  | Noticed a laughing skull
  2091 | Ossuary  | Noticed a laughing skull
  2102 | Ossuary  | Slain by a wight

Illustrated notes

Levels and vault maps discovered:
D:1:      dpeg_arrival_tiny_k, layout_rooms, serial_shops, shop_fountains
D:2:      layout_rooms, serial_shops, shop, nicolae_ecumenical_snake_handling,
          chequers_serial_rivers_marsh, uniq_sigmund
D:3:      layout_basic, nicolae_overflow_hidden_temple, minmay_splitting_lines
D:4:      layout_layer_cave, minmay_temple_entry_slanted, serial_shops,
          nicolae_shop_rolling_square, gup_ossuary_entry_pyramid
Temple:   bh_familiar_temple
Ossuary:  ossuary_due_cavern

Skill      XL: |  1  2  3  4  5 |
---------------+----------------+-----
Stealth        | 2 4 |  4.3
Long Blades    | 4 5 |  5.0
Fighting       | |  1.7
Throwing       | |  1.5
Dodging        | |  3.2

Action                     |  1- 3 |  4- 6 || total
---------------------------+-------+-------++-------
  Melee: Long sword        |    90 |    27 ||   117
         Punch             |     1 |       ||     1
         Bite              |     6 |     2 ||     8
Ability: Exsanguinate      |       |     1 ||     1
   Stab: Sleeping          |     3 |     8 ||    11
 Armour: Leather armour    |    26 |       ||    26
         Ring mail         |    13 |     9 ||    22
  Dodge: Dodged            |    61 |    14 ||    75

Table legend: (Time is in decaauts)
 A = Elapsed time spent in this place.
 B = Non-inter-level travel time spent in this place.
 C = Inter-level travel time spent in this place.
 D = Time resting spent in this place.
 E = Time spent auto-exploring this place.
 F = Levels seen in this place.
 G = Mean time per level.
                   A        B        C        D        E       F      G
               +--------+--------+--------+--------+--------+-----+--------+
         Total |   2125 |   1953 |    172 |    100 |   1328 |   6 |  354.2 |
       Dungeon |   1905 |   1774 |    131 |    100 |   1224 |   4 |  476.2 |
        Temple |     43 |      2 |     41 |      0 |      0 |   1 |   43.0 |
       Ossuary |    177 |    177 |      0 |      0 |    104 |   1 |  177.0 |
               +--------+--------+--------+--------+--------+-----+--------+

Top non-repeatable levels by time:
     D:3: 920 daAuts
     D:1: 491 daAuts
     D:4: 348 daAuts
 Ossuary: 177 daAuts
     D:2: 144 daAuts
  Temple: 43 daAuts
